 Dungeon Crawl Stone Soup version 0.31-a0-188-g5e087ee2ca (webtiles) character file.

Game seed: 16713870727053483476

75 qw the Shooter (level 4, -6/25 HPs)
             Began as a Deep Elf Hunter on June 23, 2023.
             Mangled by a gnoll
             ... wielding a +0 flail
              (10 damage)
             ... on level 3 of the Dungeon.
             The game lasted 00:00:33 (1212 turns).

qw the Shooter (Deep Elf Hunter)                    Turns: 1212, Time: 00:00:33

Health: -6/25      AC:  6    Str: 10    XL:     4   Next: 11%
Magic:  6/6        EV: 11    Int: 14    God:
Gold:   49         SH:  5    Dex: 18    Spells: 3/3 levels left

rFire   . . .        Y - +1 shortbow
rCold   . . .        (shield currently unavailable)
rNeg    . . .        f - +0 ring mail
rPois   .            (no helmet)
rElec   .            (no cloak)
rCorr   .            (no gloves)
SInv    .            g - +0 pair of boots
Will    .....        d - amulet of reflection
Stlth   +            (no ring)
HPRegen 0.24/turn    (no ring)
MPRegen 0.10/turn

%: reflection
@: no status effects
A: no striking features
a: no special abilities


You were on level 3 of the Dungeon.
You visited 1 branch of the dungeon, and saw 3 of its levels.

You collected 49 gold pieces.


   Skills:
 - Level 1.5 Fighting
 + Level 7.5 Ranged Weapons
 - Level 2.4 Dodging
 - Level 1.2 Stealth


You had 3 spell levels left.
You didn't know any spells.
Your spell library was empty.

Inventory:

Hand Weapons
 Y - a +1 shortbow (weapon)
Armour
 f - a +0 ring mail (worn)
 g - a +0 pair of boots (worn)
Jewellery
 d - an amulet of reflection (around neck)
Potions
 a - a potion of invisibility {unknown}
 b - a potion of curing {unknown}
 e - a potion of brilliance {unknown}
 h - a potion of heal wounds {unknown}

Dungeon Overview and Level Annotations

Branches:
Dungeon (3/15)

Altars:


Message History

The ball python hisses angrily.
The ball python is moderately wounded.
You shoot an arrow. The arrow hits the ball python.
You kill the ball python!
1201 ||| STILL FLEEEEING.
Found a stone staircase leading up.
1202 ||| STILL FLEEEEING.
1203 ||| STILL FLEEEEING.
1204 ||| STILL FLEEEEING. 2 gnolls come into view.
Found a stone staircase leading down.
The gnoll shouts!
Enter note:
Enter note: You shoot an arrow.
The gnoll shouts!
The arrow hits the gnoll but does no damage.
A gnoll comes into view. It is wielding a +0 club.
You shoot an arrow. The gnoll shouts!
The arrow hits the gnoll.
The gnoll is lightly wounded.
A gnoll comes into view. It is wielding a +0 spear.
The gnoll moves out of view.
You shoot an arrow. The arrow hits the gnoll!
The gnoll is almost dead.
The gnoll barely misses you.
1208 ||| Stepping ~*~*~tactically~*~*~ (outnumbered).
You shoot an arrow.
The arrow hits the gnoll but does no damage.
You shoot an arrow.
The arrow hits the gnoll but does no damage.
You hear a shout!
The gnoll hits you but does no damage. The gnoll hits you with a +0 flail!
You shoot an arrow. The arrow hits the gnoll.
The gnoll is lightly wounded.
The gnoll hits you but does no damage. The gnoll hits you with a +0 flail!
You shoot an arrow. The arrow barely misses the gnoll.
You block the gnoll's attack. The gnoll closely misses you.
You block the gnoll's attack. x2; The gnoll hits you with a +0 flail!
You die...

#.## # #..######
#.#####......##
####.............#
g.>............#.#
##.g..#.#...#....#
.......g.......#..#
.....##.#.....#..# .
.....gg@#........#
.......###.._....+.#
.>...!....(#..#.#..#
...%<#.##.##..#..#.#
#....#.#....#...#..#
#.......#.###......#
##..?.)...#..#...#.#
#....))...........#
#....[...#.########


You could see 3 gnolls.

Vanquished Creatures
  2 adders (D:2)
  A dart slug (D:1)
  6 orcs (D:3)
  2 ball pythons
  5 endoplasms
  2 giant cockroaches
  2 goblins
  3 hobgoblins
  4 jackals (D:2)
  3 kobolds
  A quokka (D:3)
  6 bats
  A frilled lizard (D:1)
  5 rats
43 creatures vanquished.

Notes
Turn   | Place    | Note
-------+----------+-------------------------------------------
     0 | D:1      | qw the Deep Elf Hunter began the quest for the Orb.
     0 | D:1      | Reached XP level 1. HP: 12/12 MP: 3/3
     0 | D:1      | 0 ||| qw: Version: 0.3-a-9-g12657ce
     0 | D:1      | 0 ||| qw: Game counter: 4022
     0 | D:1      | 0 ||| qw: Always use a shield: true
     0 | D:1      | 0 ||| qw: God list: Okawaru
     0 | D:1      | 0 ||| qw: Allow faded altars: false
     0 | D:1      | 0 ||| qw: Do Orc after D:15 true
     0 | D:1      | 0 ||| qw: Do second Lair branch before Depths: true
     0 | D:1      | 0 ||| qw: Lair rune preference: random
     0 | D:1      | 0 ||| qw: Plans: Normal
     0 | D:1      | 0 ||| PLANNING D:1-11
   110 | D:1      | You fall into a shaft and drop 1 floor!
   126 | D:2      | Reached skill level 6 in Ranged Weapons
   126 | D:2      | Reached XP level 2. HP: 11/16 MP: 4/4
   215 | D:2      | 215 ||| UPGRADING to +0 ring mail.
   225 | D:2      | 225 ||| DROPPING +0 leather armour.
   226 | D:2      | 226 ||| UPGRADING to amulet of reflection.
   231 | D:2      | 231 ||| DROPPING amulet of magic regeneration.
   232 | D:2      | 232 ||| READING scroll labelled FOTICOWEUT.
   235 | D:2      | 235 ||| READING scroll labelled CUWOIC LAATISH.
   236 | D:2      | 236 ||| DROPPING scroll of butterflies.
   375 | D:1      | Reached XP level 3. HP: 20/20 MP: 5/5
   609 | D:1      | 609 ||| UPGRADING to +0 pair of boots.
   614 | D:1      | 614 ||| READING scroll labelled OCEICE WEIL.
   615 | D:1      | 615 ||| READING scroll labelled UFUSHIERIOR.
   616 | D:1      | 616 ||| READING scroll labelled URIMEN MUGIRU.
   832 | D:2      | Reached skill level 7 in Ranged Weapons
  1125 | D:2      | 1125 ||| READING scroll labelled OTATRE ORAC.
  1149 | D:3      | Found a faded altar of an unknown god.
  1187 | D:3      | Reached XP level 4. HP: 12/25 MP: 6/6
  1195 | D:3      | 1195 ||| FLEEEEING.
  1196 | D:3      | 1196 ||| FLEEEEING.
  1197 | D:3      | 1197 ||| FLEEEEING.
  1208 | D:3      | 1208 ||| Stepping ~*~*~tactically~*~*~ (outnumbered).
  1211 | D:3      | HP: 4/25 [gnoll/+0 flail (7)]
  1212 | D:3      | Mangled by a gnoll

Levels and vault maps discovered:
D:1:      dpeg_arrival_more_subterranean_lakeside_camping, layout_rooms,
          minivault_27, minmay_pentomino_q4
D:2:      layout_basic, serial_park_tiny_2
D:3:      layout_rooms, cheibriados_altar_1, kennysheep_orc_sif_temple,
          hellmonk_ecumenical_altar_blasted

Skill      XL: |  1  2  3 |
---------------+----------+-----
Ranged Weapons | 6 7 |  7.5
Fighting       | |  1.5
Dodging        | |  2.4
Stealth        | |  1.2

Action                     |  1- 3 |  4- 6 || total
---------------------------+-------+-------++-------
   Fire: Shortbow          |   106 |    14 ||   120
    Use: Scroll            |     6 |       ||     6
 Armour: Leather armour    |     3 |       ||     3
         Ring mail         |    16 |     2 ||    18
  Dodge: Dodged            |    28 |     5 ||    33
  Block: Other             |     8 |     3 ||    11

Table legend:
 A = Non-vault XP
 B = Vault XP
 C = Vault XP percentage of total XP
 D = Non-vault monster count
 E = Vault monster count
 F = Vault count percentage of total count
                 A         B        C        D         E       F
            +---------+---------+-------+---------+---------+-------
      Total |      97 |      11 |  10.2 |      38 |       5 |  11.6
            +---------+---------+-------+---------+---------+-------
        D:1 |      24 |       8 |  25.0 |      14 |       4 |  22.2
        D:2 |      53 |       0 |   0.0 |      16 |       0 |   0.0
        D:3 |      20 |       3 |  13.0 |       8 |       1 |  11.1
            +---------+---------+-------+---------+---------+-------
